 Dungeon Crawl Stone Soup version 0.29-a0-542-g075992c915 (webtiles) character file.

Game seed: 8171684757518415496

580054 dohliylev the Minotaur Barricade (level 25, 0/379 (385) HPs)
             Began as a Minotaur Berserker on June 4, 2022.
             Was a High Priest of Trog.
             Slain by a balrug
             ... wielding a +1 demon whip of draining
              (5 damage)
             ... in the Vestibule of Hell.
             The game lasted 05:03:16 (55017 turns).

dohliylev the Minotaur Barricade (MiBe)            Turns: 55017, Time: 05:03:17

HP:   0/379 (385)   AC: 41    Str: 34    XL:     25   Next: 90%
MP:   19/19         EV: 18    Int:  0    God:    Trog [*****.]
Gold: 8303          SH: 24    Dex:  9    Spells: 24/24 levels left

rFire   + . .      SeeInvis +   P - +13 broad axe "Goblinslayer" {flame, rC+ rN+}
rCold   + + +      Faith    .   O - +1 tower shield {rC+}
rNeg    + . .      Spirit   .   Y - +3 crystal plate armour
rPois   .          Reflect  .   V - +0 mask of the Dragon {Will+ Slay+3 SInv}
rElec   +          Harm     .   A - +2 cloak of Enaaluz {+Inv rF+ rC+}
rCorr   +          Rampage  .   n - +2 pair of gloves {Str+3}
Will    ++++.      Rage     1%  q - +4 pair of boots "Umeup" {rElec}
Stlth   ..........              a - amulet of regeneration
HPRegen 2.53/turn               m - ring of Louph {EV+4 Slay+5}
MPRegen 0.16/turn               T - ring "Tullykec" {rElec rC+ rCorr Str-2}

@: berserking, on fire, strong-willed, regenerating, slowed, lost intelligence,
glowing, studying Invocations, lightly drained, unable to read
A: horns 2, retaliatory headbutt, berserk 1, clumsy 1, deformed body, dopey 2,
low MP 1, subdued magic 1, devolution 2
}: 3/15 runes: decaying, silver, gossamer
a: Renounce Religion, Evoke Invisibility, Berserk, Trog's Hand, Brothers in Arms


You were in the Vestibule of Hell.
You worshipped Trog.
Trog was extremely pleased with you.
You visited 11 branches of the dungeon, and saw 52 of its levels.
You visited the Abyss 1 time.
You also visited: Bailey, Ice Cave and Wizlab.

You collected 9662 gold pieces.
You spent 1359 gold pieces at shops.

Inventory:

Hand Weapons
 v - the +4 broad axe of Attainder {flame, rF+ rC+ Dex+3}
   (You bought it in a shop on level 2 of the Orcish Mines)

   It burns those it strikes, dealing additional fire damage.
   Big, fiery blades are also staple armaments of hydra-hunters.
   Dex:       It affects your dexterity (+3).
   rF:        It protects you from fire.
   rC:        It protects you from cold.
 x - the +9 war axe of Agrecs {vorpal, rF++}
   (Trog gifted it to you on level 2 of the Depths)

   It inflicts extra damage upon your enemies.
   rF:        It greatly protects you from fire.
 E - a +9 antimagic broad axe
 F - the +12 broad axe of Fimbulwinter {chaos, rCorr}
   (You subdued it on level 1 of the Swamp)

   Each time it hits an enemy it has a different, random effect.
   rCorr:     It protects you from acid and corrosion.
 P - the +13 broad axe "Goblinslayer" (weapon) {flame, rC+ rN+}
   (Trog gifted it to you on level 3 of the Elven Halls)

   It burns those it strikes, dealing additional fire damage.
   Big, fiery blades are also staple armaments of hydra-hunters.
   rC:        It protects you from cold.
   rN:        It protects you from negative energy.
 Q - a +9 hand axe of freezing
Missiles
 r - 8 boomerangs (quivered)
 t - 4 silver boomerangs
Armour
 n - a +2 pair of gloves of strength (worn)
 q - the +4 pair of boots "Umeup" (worn) {rElec}
   (You acquired it on level 1 of the Crypt)

   rElec:     It insulates you from electricity.
 A - the +2 cloak of Enaaluz (worn) {+Inv rF+ rC+}
   (You found it on level 5 of the Vaults)

   rF:        It protects you from fire.
   rC:        It protects you from cold.
   +Inv:      It lets you turn invisible.
 O - a +1 tower shield of cold resistance (worn)
 V - the +0 mask of the Dragon (worn) {Will+ Slay+3 SInv}
   (You found it on level 2 of the Vaults)

   Slay:      It affects your accuracy & damage with ranged weapons and melee
   (+3).
   SInv:      It lets you see invisible.
   Will:      It increases your willpower.
 Y - a +3 crystal plate armour (worn)
Jewellery
 a - an amulet of regeneration (around neck)
 m - the ring of Louph (left hand) {EV+4 Slay+5}
   (You bought it in a shop on level 2 of the Dungeon)

   [ring of evasion]

   EV:        It affects your evasion (+4).
   Slay:      It affects your accuracy & damage with ranged weapons and melee
   (+5).
 p - the ring "Wipsuneg" {Contam rC++ rN++ Dex+6}
   (You found it on level 1 of the Depths)

   [ring of dexterity]

   Dex:       It affects your dexterity (+6).
   rC:        It greatly protects you from cold.
   rN:        It greatly protects you from negative energy.
   Contam:    It causes magical contamination when unequipped.
 u - a +4 ring of evasion
 K - the ring of Wariness {rPois Str+9 Int-2 SInv}
   (You found it on level 8 of the Dungeon)

   [ring of poison resistance]

   Str:       It affects your strength (+9).
   Int:       It affects your intelligence (-2).
   rPois:     It protects you from poison.
   SInv:      It lets you see invisible.
 T - the ring "Tullykec" (right hand) {rElec rC+ rCorr Str-2}
   (You found it on level 2 of the Orcish Mines)

   [ring of resist corrosion]

   Str:       It affects your strength (-2).
   rC:        It protects you from cold.
   rElec:     It insulates you from electricity.
   rCorr:     It protects you from acid and corrosion.
 W - a ring of positive energy
 X - the ring of Gejiv {+Blink rF++ Str+6 Dex+3}
   (You took it off a deep elf high priest on level 3 of the Elven Halls)

   [ring of strength]

   Str:       It affects your strength (+6).
   Dex:       It affects your dexterity (+3).
   rF:        It greatly protects you from fire.
   +Blink:    It lets you blink.
 Z - the amulet of Xom's Wantonness {RegenMP rN+ Dex+4 Stlth-}
   (You found it on level 2 of the Depths)

   [amulet of magic regeneration]

   It increases your rate of magic regeneration.
   Dex:       It affects your dexterity (+4).
   rN:        It protects you from negative energy.
   Stlth:     It makes you less stealthy.
Wands
 o - a wand of polymorph (23)
 s - a wand of acid (17)
 C - a wand of digging (34)
 G - a wand of iceblast (27)
 I - a wand of charming (8)
 U - a wand of paralysis (10)
Scrolls
 d - 14 scrolls of teleportation
 k - 2 scrolls of blinking
 w - a scroll of fear
 y - 3 scrolls of silence
 H - 4 scrolls of fog
 R - 3 scrolls of summoning
 S - 5 scrolls of magic mapping
Potions
 b - 9 potions of ambrosia
 c - 16 potions of might
 e - 15 potions of heal wounds
 f - 13 potions of haste
 g - 25 potions of curing
 h - 7 potions of attraction
 i - 6 potions of berserk rage
 l - 6 potions of cancellation
 z - 13 potions of flight
 D - 4 potions of invisibility
 J - 4 potions of magic
 N - 3 potions of resistance
Miscellaneous
 j - a condenser vane
 B - a box of beasts
 L - a phantom mirror
 M - a lightning rod (4/4)


   Skills:
 O Level 27 Fighting
 - Level 18.0 Axes
 + Level 15.0 Throwing
 O Level 27 Armour
 * Level 20.9 Dodging
 O Level 27 Shields
 + Level 13.4 Evocations


You had 24 spell levels left.
You didn't know any spells.
Your spell library was empty.

Dungeon Overview and Level Annotations

Branches:
Dungeon (15/15)            Temple (0/1) D:7            Lair (6/6) D:8
  Swamp (4/4) Lair:2       Spider (4/4) Lair:4        Slime (5/5) Lair:6
    Orc (2/2) D:11            Elf (3/3) Orc:2        Vaults (5/5) D:14
  Crypt (3/3) Vaults:3       Tomb (0/3) Crypt:3      Depths (4/4) D:15
   Hell (1/1)                 Zot (0/5) Depths:4     Bailey (visited)
  IceCv (visited)          WizLab (visited)
    Dis: Hell:1         Geh: Hell:1         Coc: Hell:1         Tar: Hell:1

Altars:
Cheibriados
Dithmenos
Fedhas
Gozag
Kikubaaqudgha
Nemelex Xobeh
Okawaru
Uskayaw
Vehumet
Wu Jian
Xom
Yredelemnul
Zin
The Shining One
Jiyva
Lugonu

Shops:
D:2 *   D:8 *   D:9 =   Orc:2 =*[(   Elf:1 *   Elf:2 *   Vaults:4 :
Depths:3 :

Portals:
Hell: Depths:1 Depths:2 Depths:3 Depths:4
Abyss: D:3 Depths:3
Pandemonium: Depths:2
Ziggurat: Depths:2
Trove: D:11 (give 7 scrolls of fear)

Annotations:
Lair:1 1 transporter
Slime:5 Royal Jelly
Hell Geryon


Innate Abilities, Weirdness & Mutations

You have a pair of horns on your head.
You reflexively headbutt those who attack you in melee.
You tend to lose your temper in combat.
You are clumsy. (Dex -2)
Armour fits poorly on your strangely shaped body.
You are very dopey. (Int -4)
Your magical capacity is low. (-10% MP)
Your spells are a little easier to cast, but a little less powerful.
You have terrible hidden genetic defects.


Message History

You headbutt Geryon, but do no damage. You block the reaper's attack.
You block the balrug's attack. The hell beast misses you.
You block the hell beast's attack.
The reaper hits you but does no damage. x2
Geryon roars, "Succumb, thou tasty junket!"
Geryon tail-slaps you but does no damage.
The reaper hits you but does no damage.
You writhe in agony.
Your skin crawls.
You feel strong-willed. You block the hell beast's attack.
The hell beast misses you. The balrug hits you but does no damage.
The balrug gestures at you.
The sticky flame hits you but does no damage.
You are covered in liquid flames!
You block the reaper's attack.
The reaper hits you from afar with a +4 scythe of pain.
You block the reaper's attack. Geryon tail-slaps you!!
* * * LOW HITPOINT WARNING * * *
The reaper hits you from afar with a +7 vorpal scythe!!
* * * LOW HITPOINT WARNING * * *
x2 You block the reaper's attack.
The balrug hits you but does no damage.
The hell beast bites you but does no damage.
The hell beast closely misses you.
A red film seems to cover your vision as you go berserk!
You feel yourself moving faster!
You feel mighty!
You are covered in liquid flames!
* * * LOW HITPOINT WARNING * * *
You block the balrug's attack. You block the hell beast's attack. x2
You block the balrug's attack. The reaper misses you.
Geryon tail-slaps you but does no damage.
The reaper hits you from afar with a +7 vorpal scythe!
* * * LOW HITPOINT WARNING * * *
x2 The reaper hits you from afar with a +1 scythe of flaming!
* * * LOW HITPOINT WARNING * * *
The reaper burns you.
* * * LOW HITPOINT WARNING * * *
The reaper hits you from afar with a +4 scythe of pain!!
* * * LOW HITPOINT WARNING * * *
The reaper misses you.
The balrug hits you with a +1 demon whip of draining.
You die...

.................
.................
.................
.................
..........22.....
..^......2.......
.∩......&22....∩.
.......@222......
.......222.......
.......2pZ.......
.................
.................
.................
........∩........
.................
...............


You could see Geryon, 3 hell beasts, 7 reapers, 2 balrugs, a necromancer and a
dire elephant zombie.

Vanquished Creatures
  2 ancient liches (Vaults:5)
  Mennas (Vaults:2)
  2 juggernauts (Depths:2)
  Boris (twice) (Vaults:2 Crypt:1)
  Bai Suzhen (Vaults:3)
  Sojobo (Depths:1)
  Saint Roka (Vaults:1)
  Xtahua (Vaults:4)
  The ghost of Putsipo the Middleweight Champion, a veteran GrGl of Makhleb (Vaults:3)
  A caustic shrike (Depths:2)
  Jory (Crypt:3)
  2 golden dragons
  Nikola (Vaults:2)
  A hellephant (Vaults:1)
  Asterion (Depths:2)
  6 titans
  2 tentacled monstrosities
  A shard shrike skeleton (Crypt:3)
  3 liches
  3 deep elf blademasters
  2 quicksilver dragons
  Frances (D:13)
  2 sphinxes
  6 ancient champions
  A walking frostbound tome (Depths:2)
  The ghost of initializr the Executioner, an adept MiFi of Okawaru (Swamp:1)
  Gastronok (Lair:1)
  10 tengu reavers
  3 storm dragons
  Agnes (Elf:2)
  14 acid blobs
  2 thorn hunters
  A storm dragon (shapeshifter) (Vaults:5)
  A draconian knight (Depths:4)
  5 shadow dragons
  5 emperor scorpions
  11 fire giants
  A frost giant (shapeshifter) (Vaults:5)
  14 vault wardens
  7 rockslimes
  5 revenants
  An iron dragon (Depths:2)
  7 azure jellies
  4 deep elf sorcerers
  14 frost giants
  5 orc warlords
  2 draconian scorchers (Depths:4)
  Aizul (Vaults:3)
  A balrug (D:13)
  3 ghost moths
  3 deep elf elementalists (Elf:3)
  A cacodemon (Hell)
  5 curse skulls
  A caustic shrike zombie (WizLab)
  A juggernaut zombie (Crypt:1)
  A reaper (Crypt:2)
  8 ghouls
  5 quicksilver oozes
  A broodmother (Swamp:4)
  22 ironbound preservers
  12 stone giants
  2 war gargoyles (Vaults:5)
  11 vampire knights
  A rockslime zombie (Crypt:1)
  12 ironbound thunderhulks
  38 very ugly things
  A spectral titan (WizLab)
  6 deep elf demonologists
  10 deep elf annihilators
  A yellow draconian (Depths:4)
  Nessos (D:13)
  6 entropy weavers
  5 eleionomae
  7 dire elephants
  A purple draconian (Depths:4)
  4 bunyips
  3 lorocyprocas
  2 red draconians (Depths:4)
  4 halazid warlocks (WizLab)
  2 black draconians (Depths:4)
  2 spark wasps
  A spectral quicksilver dragon (WizLab)
  5 deep elf death magi
  3 eidola (WizLab)
  15 jiangshi
  15 ettins
  A quicksilver dragon zombie (WizLab)
  8 fire dragons
  Josephine (D:11)
  6 deep elf high priests
  A quicksilver dragon skeleton (Hell)
  Harold (Lair:1)
  2 rakshasas (Depths:2)
  A great orb of eyes (shapeshifter) (Depths:2)
  8 yaktaur captains
  9 great orbs of eyes
  4 shambling mangroves
  A caustic shrike simulacrum (IceCv)
  13 boulder beetles
  37 vault guards
  A juggernaut simulacrum (Hell)
  15 hydras
  12 ice dragons
  11 centaur warriors
  A ghost crab (Swamp:1)
  A naga warrior (Vaults:3)
  3 catoblepae
  4 ironbound frosthearts
  5 death knights
  3 spriggan air magi (Depths:2)
  4 two-headed ogres
  Erica (Lair:1)
  2 Orb Guardian skeletons
  28 dancing weapons
  3 radroaches
  10 death yaks (Lair:6)
  10 deep troll shamans
  4 tengu warriors
  12 vampire magi
  7 alligators
  Urug (Lair:4)
  9 deep troll earth magi
  3 titan zombies
  6 sun demons
  4 soul eaters
  2 storm dragon zombies (Crypt:3)
  6 orc high priests
  21 hell knights
  7 spriggan berserkers
  16 deep elf knights
  14 spriggans
  A salamander mystic (Depths:3)
  9 iron trolls
  2 sixfirhies (Hell)
  5 pharaoh ants
  4 shadow wraiths
  18 skeletal warriors
  2 spark wasp zombies (WizLab)
  10 flayed ghosts
  Amaemon (D:10)
  A goliath frog (Swamp:1)
  3 sun moths
  A sea snake (shapeshifter) (Depths:2)
  3 steelbarb worms
  3 golden dragon zombies (Crypt:3)
  A spectral spark wasp (WizLab)
  5 glowing orange brains
  3 spriggan druids
  87 deep trolls
  9 swamp dragons
  10 deep elf archers
  A spectral wolf spider (WizLab)
  A spriggan simulacrum (IceCv)
  18 phantasmal warriors
  7 orb spiders
  16 ironbound convokers
  An obsidian statue (IceCv)
  13 bog bodies
  A bunyip skeleton (Hell)
  16 lindwurms
  2 anaconda skeletons
  10 wizards
  A lindwurm (shapeshifter) (Vaults:2)
  45 ugly things
  13 orc knights
  27 deep elf pyromancers
  26 wolf spiders
  7 necromancers
  27 deep elf zephyrmancers
  A wolf spider (shapeshifter) (Depths:3)
  6 shining eyes
  A cyclops (shapeshifter) (Vaults:3)
  5 will-o-the-wisps
  A spectral spriggan (WizLab)
  A wolf spider zombie (WizLab)
  8 orc sorcerers
  A salamander (shapeshifter) (D:15)
  4 salamanders (Depths:3)
  9 cyclopes
  A goliath frog skeleton (Crypt:1)
  4 manticores
  12 elephants
  22 vault sentinels
  Joseph (D:7)
  4 moths of wrath
  3 eyes of devastation
  A stone giant skeleton (Crypt:1)
  A smoke demon (Hell)
  A naga zombie (Crypt:3)
  5 black mambas
  11 cane toads
  A gargoyle (D:12)
  4 rust devils
  An orange demon (D:10)
  5 torpor snails
  A titan simulacrum (Crypt:1)
  An unseen horror (D:12)
  A dire elephant skeleton (Crypt:2)
  A centaur skeleton (Crypt:1)
  A pale draconian zombie (Crypt:2)
  39 yaktaurs
  3 kobold demonologists
  2 efreet
  An entropy weaver simulacrum (IceCv)
  5 tengu conjurers
  A tormentor (Depths:1)
  2 ice devils
  9 demonic crawlers
  4 rime drakes
  9 komodo dragons
  A minotaur zombie (Crypt:1)
  26 freezing wraiths
  A golden dragon simulacrum (IceCv)
  2 spectral harpies (WizLab)
  A harpy zombie (Crypt:3)
  A hellwing (D:13)
  An iron troll skeleton (Crypt:3)
  9 trolls
  4 meliai
  10 tyrant leeches
  28 tarantellas
  2 bloated husks
  A death drake zombie (Crypt:2)
  A polar bear (Lair:6)
  18 blink frogs
  25 hornets
  A raiju (shapeshifter) (Vaults:5)
  2 great orb of eyes zombies
  2 spriggan zombies
  18 dream sheep
  121 slime creatures
  An ettin zombie (Crypt:3)
  37 jumping spiders
  15 culicivoras
  A centaur simulacrum (D:15)
  15 flying skulls
  A naga simulacrum (Crypt:1)
  5 water elementals
  2 air elementals
  An alligator skeleton (Hell)
  2 ynoxinuls
  6 wyverns
  2 shadows
  26 vampires
  70 yaks
  5 fire elementals
  17 wraiths
  A sea snake simulacrum (Hell)
  57 redbacks
  A black mamba skeleton (Crypt:1)
  7 dire elephant simulacra (IceCv)
  7 golden eyes
  A neqoxec (Abyss:3)
  2 harpy simulacra (IceCv)
  7 basilisks
  4 steam dragons
  5 vampire mosquitoes
  17 swamp worms
  2 small abominations (Abyss:3)
  A glowing shapeshifter zombie (Hell)
  3 wargs
  2 hell hounds (Orc:1)
  11 water moccasins
  2 floating eyes
  2 hydra simulacra (IceCv)
  A water nymph skeleton (Crypt:2)
  6 black bears
  A deep troll skeleton (Crypt:2)
  6 swamp drakes (Swamp:4)
  2 alligator simulacra (IceCv)
  64 orc warriors
  2 sky beasts (D:7)
  An ice beast (D:6)
  A naga skeleton (Hell)
  8 ogres
  2 elephant skeletons
  26 wolves
  A blink frog skeleton (Crypt:2)
  5 centaurs
  5 boggarts (Vaults:2)
  6 kobold brigands
  7 earth elementals
  15 bullfrogs
  5 necrophages
  2 gnoll sergeants
  A draconian skeleton (Crypt:3)
  A scorpion (D:4)
  4 deep troll simulacra (IceCv)
  8 wights
  A water moccasin skeleton (Crypt:2)
  18 killer bees
  A yak zombie (Crypt:3)
  5 lindwurm simulacra (IceCv)
  4 electric eels
  4 howler monkeys
  A basilisk zombie (Crypt:1)
  A black bear zombie (Crypt:1)
  30 orc priests
  3 hounds
  6 jellies
  A gnoll shaman (D:8)
  Terence (D:2)
  4 iguanas
  Natasha (thrice) (D:2)
  37 orc wizards
  6 hell rats (Lair:4)
  An ice beast zombie (Crypt:2)
  An ogre skeleton (Crypt:3)
  Robin (D:4)
  8 gnolls
  5 adders
  A swamp drake skeleton (Crypt:1)
  A shadow imp (D:7)
  A white imp (D:7)
  2 ufetubi
  5 dart slugs
  140 orcs
  8 endoplasms
  A giant cockroach (D:1)
  29 goblins
  6 hobgoblins
  3 quokkas
  9 ball pythons
  12 bats
  2 frilled lizards (D:2)
  27 kobolds
  A quokka zombie (Crypt:3)
  9 rats
  A rat skeleton (Crypt:3)
  A river rat zombie (Crypt:1)
  3 briar patches (Lair:1)
  2 bushes
  A plant (Lair:6)
  A withered plant (Crypt:3)
2508 creatures vanquished.

Vanquished Creatures (collateral kills)
  An ancient champion (WizLab)
  A revenant (Crypt:2)
  A balrug (Vaults:1)
  An orc warlord (Vaults:3)
  A stone giant (Vaults:3)
  A deep elf elementalist (Elf:3)
  A deep elf demonologist (Elf:3)
  A deep elf annihilator (Elf:3)
  A merfolk impaler (Vaults:3)
  A deep elf high priest (Elf:3)
  2 shambling mangroves (Swamp:4)
  2 vault guards
  A hydra (Swamp:4)
  An ironbound frostheart (Vaults:5)
  A naga warrior (Vaults:3)
  A tengu warrior (Vaults:3)
  4 skeletal warriors
  An orc knight (Bailey)
  A lindwurm (Swamp:4)
  A deep elf pyromancer (Elf:2)
  A freezing wraith (Crypt:3)
  2 hornets (Swamp:4)
  A bloated husk (Swamp:4)
  A flying skull (Crypt:2)
  A spriggan (Swamp:4)
  3 orc warriors
  2 centaurs (D:13)
  An orc priest (Orc:1)
  2 orcs
39 creatures vanquished.

Vanquished Creatures (others)
  A deep elf knight (Elf:3)
  3 bloated husks
  A vampire mosquito (D:8)
  An orc wizard (Orc:2)
  An orc (Orc:1)
  A briar patch (Lair:1)
  18 foxfires
  30 fungi
  56 plants
  2 withered plants (Crypt:3)
114 creatures vanquished.

Grand Total: 2661 creatures vanquished

Notes
Turn   | Place    | Note
-------+----------+-------------------------------------------
     0 | D:1      | dohliylev the Minotaur Berserker began the quest for the
                  | Orb.
     0 | D:1      | Reached XP level 1. HP: 19/19 MP: 0/0
   304 | D:1      | Reached XP level 2. HP: 27/27 MP: 1/1
   520 | D:1      | Reached ** piety under Trog
   686 | D:1      | Reached XP level 3. HP: 34/34 MP: 2/2
  1481 | D:2      | Noticed Terence
  1495 | D:2      | Killed Terence
  1496 | D:2      | Reached XP level 4. HP: 38/41 MP: 3/3
  1623 | D:2      | Found Vakle's Assorted Antiques.
  1633 | D:2      | Bought a pitted bone ring for 75 gold pieces
  1633 | D:2      | Identified the ring of Louph {EV+4 Slay+5} (You bought it
                  | in a shop on level 2 of the Dungeon)
  1870 | D:2      | Noticed Natasha
  1921 | D:2      | Killed Natasha
  1922 | D:2      | Reached skill level 5 in Axes
  2079 | D:2      | Noticed Natasha
  2088 | D:2      | Killed Natasha
  2089 | D:2      | Reached skill level 5 in Fighting
  2396 | D:2      | Noticed Natasha
  2402 | D:2      | Killed Natasha
  2403 | D:2      | Reached XP level 5. HP: 47/48 MP: 4/4
  2679 | D:3      | Found a faded altar of an unknown god.
  2724 | D:3      | Found a large runed translucent door.
  2724 | D:3      | Found a large runed translucent door.
  2838 | D:3      | Found a one-way gate to the infinite horrors of the Abyss.
  3232 | D:3      | Found a corrupted altar of Lugonu.
  3237 | D:3      | Reached *** piety under Trog
  3483 | D:4      | Reached XP level 6. HP: 56/56 MP: 5/5
  3618 | D:4      | Noticed Robin
  3639 | D:4      | Killed Robin
  3763 | D:4      | Reached **** piety under Trog
  3823 | D:4      | Reached XP level 7. HP: 60/63 MP: 6/6
  3825 | D:4      | Reached skill level 5 in Armour
  4165 | D:5      | Entered Level 5 of the Dungeon
  4259 | D:5      | Reached skill level 1 in Throwing
  4270 | D:5      | Noticed a steam dragon
  4277 | D:5      | Killed a steam dragon
  4553 | D:5      | Found a glowing golden altar of the Shining One.
  4598 | D:5      | Found a blossoming altar of Fedhas.
  5158 | D:6      | Reached XP level 8. HP: 66/71 MP: 7/7
  5523 | D:6      | Found a sparkling altar of Nemelex Xobeh.
  5672 | D:6      | Found a snail-covered altar of Cheibriados.
  5860 | D:7      | Found a staircase to the Ecumenical Temple.
  5918 | D:7      | Reached ***** piety under Trog
  5919 | D:7      | Reached XP level 9. HP: 73/81 MP: 8/8
  5928 | D:7      | Reached skill level 1 in Shields
  5935 | D:7      | Noticed a troll
  5940 | D:7      | Killed a troll
  5941 | D:7      | Reached skill level 10 in Axes
  5943 | D:7      | Noticed a deep elf pyromancer
  5958 | D:7      | Killed a deep elf pyromancer
  6129 | D:7      | Found a flagged portal.
  6145 | Bailey   | Entered a bailey
  6249 | Bailey   | Found a large runed translucent door.
  6249 | Bailey   | Found a large runed translucent door.
  6250 | Bailey   | Noticed a deep elf pyromancer
  6252 | Bailey   | Noticed an orc knight
  6266 | Bailey   | Killed an orc knight
  6267 | Bailey   | Reached skill level 5 in Throwing
  6267 | Bailey   | Reached XP level 10. HP: 39/93 MP: 9/9
  6268 | Bailey   | Reached skill level 10 in Fighting
  6596 | Bailey   | Killed a deep elf pyromancer
  6814 | D:7      | Found a hide-covered altar of Uskayaw.
  7072 | D:7      | Noticed Joseph
  7085 | D:7      | Killed Joseph
  7086 | D:7      | Reached skill level 5 in Shields
  7349 | D:8      | Found a snail-covered altar of Cheibriados.
  7349 | D:8      | Found a blossoming altar of Fedhas.
  7350 | D:8      | Found a glowing silver altar of Zin.
  7350 | D:8      | Found a shadowy altar of Dithmenos.
  7412 | D:8      | Noticed a brown ugly thing
  7436 | D:8      | Killed a brown ugly thing
  7445 | D:8      | Noticed a soul eater
  7592 | D:8      | Found a staircase to the Lair.
  7707 | D:8      | Reached XP level 11. HP: 102/102 MP: 10/10
  7712 | D:8      | Identified the ring "Voutotets" {Contam Fly rPois Int+2
                  | Stlth+}
  7714 | D:8      | Identified the ring of Wariness {rPois Str+9 Int-2 SInv}
  7718 | D:8      | Identified the +6 long sword of Bieleuqo {vorpal, rC+}
  7732 | D:8      | Noticed a red ugly thing
  7742 | D:8      | Killed a red ugly thing
  7832 | D:8      | Found a basalt altar of Yredelemnul.
  8326 | D:8      | Found Jeuged's General Store.
  8530 | D:9      | Noticed a two-headed ogre
  8539 | D:9      | Killed a two-headed ogre
  8542 | D:9      | Reached skill level 10 in Armour
  8658 | D:9      | Identified the +2 ring mail "Sefen" {Contam Regen+ MP-9
                  | Slay+5}
  8694 | D:9      | Identified a scroll of acquirement
  8695 | D:9      | Acquired a manual of Throwing
  8772 | D:9      | Found Cepnuch's Jewellery Shoppe.
  8780 | D:9      | Bought an amulet of regeneration for 420 gold pieces
  9209 | D:9      | Noticed a two-headed ogre
  9214 | D:9      | Killed a two-headed ogre
  9275 | D:10     | Entered Level 10 of the Dungeon
  9287 | D:10     | Noticed a sun demon
  9288 | D:10     | Noticed a sixfirhy
  9408 | D:10     | Noticed Amaemon
  9416 | D:10     | Killed Amaemon
  9999 | D:11     | Found a portal to a secret trove of treasure.
 10002 | D:11     | Noticed a red ugly thing
 10016 | D:11     | Killed a red ugly thing
 10017 | D:11     | Reached XP level 12. HP: 113/113 MP: 2/11
 10350 | D:11     | Noticed Josephine
 10357 | D:11     | Killed Josephine
 10422 | D:11     | Found a staircase to the Orcish Mines.
 10667 | Orc:1    | Entered Level 1 of the Orcish Mines
 10873 | Orc:2    | Entered Level 2 of the Orcish Mines
 10928 | Orc:2    | Found a staircase to the Elven Halls.
 11028 | Orc:2    | Noticed an orc warlord
 11045 | Orc:2    | Reached skill level 10 in Shields
 11054 | Orc:2    | Noticed an orc warlord
 11118 | Orc:2    | Received a gift from Trog
 11267 | Orc:2    | Killed an orc warlord
 11269 | Orc:2    | Reached skill level 5 in Dodging
 11341 | Orc:2    | Killed an orc warlord
 11454 | Orc:2    | Identified the ring "Sud Full" {+Blink rPois SInv}
 11518 | Orc:2    | Identified the ring "Tullykec" {rElec rC+ rCorr Str-2}
 11743 | Orc:2    | Noticed an orc high priest
 11749 | Orc:2    | Reached XP level 13. HP: 48/125 MP: 3/12
 11754 | Orc:2    | Noticed an orc warlord
 11759 | Orc:2    | Reached skill level 15 in Axes
 11762 | Orc:2    | HP: 3/187 [orc high priest/divine providence (11)]
 11833 | Orc:2    | Received a gift from Trog
 11901 | Orc:2    | Killed an orc warlord
 11902 | Orc:2    | Reached skill level 15 in Fighting
 12049 | Orc:2    | Found Tixzanil's General Store.
 12050 | Orc:2    | Found Astrunorr's Jewellery Boutique.
 12052 | Orc:2    | Found Voykyakkept's Antique Armour Shop.
 12052 | Orc:2    | Found Ecsuot Hoov's Antique Weapon Shop.
 12070 | Orc:2    | Bought the +4 broad axe of Attainder {flame, rF+ rC+ Dex+3}
                  | for 763 gold pieces
 12070 | Orc:2    | Bought a scroll of identify for 28 gold pieces
 12070 | Orc:2    | Bought a scroll of identify for 28 gold pieces
 12477 | Orc:1    | Noticed an ettin
 12485 | Orc:1    | Killed an ettin
 12486 | Orc:1    | Noticed an orc warlord
 12496 | Orc:1    | Killed an orc warlord
 12992 | D:12     | Reached skill level 1 in Evocations
 13084 | D:12     | Received a gift from Trog
 13571 | D:13     | Noticed Nessos
 13583 | D:13     | Killed Nessos
 13584 | D:13     | Reached XP level 14. HP: 132/138 MP: 1/13
 13913 | D:13     | Found a runed translucent door.
 13915 | D:13     | Noticed a balrug
 13923 | D:13     | Killed a balrug
 13976 | D:13     | Identified the +6 falchion of Midnight {vamp, SInv}
 14415 | D:13     | Noticed Frances
 14426 | D:13     | Killed Frances
 14836 | D:14     | Found a frozen archway.
 14851 | IceCv    | Entered an ice cave
 15060 | IceCv    | Noticed a white very ugly thing
 15062 | IceCv    | Noticed a lich
 15068 | IceCv    | Killed a white very ugly thing
 15073 | IceCv    | Killed a lich
 15073 | IceCv    | Received a gift from Trog
 15074 | IceCv    | Reached XP level 15. HP: 152/152 MP: 5/14
 15311 | IceCv    | Found an ancient bone altar of Kikubaaqudgha.
 15807 | D:14     | Found a gate to the Vaults.
 16146 | D:15     | Entered Level 15 of the Dungeon
 16393 | D:15     | Reached skill level 15 in Shields
 16400 | D:15     | Received a gift from Trog
 16773 | D:15     | Found a staircase to the Depths.
 17095 | Lair:1   | Entered Level 1 of the Lair of Beasts
 17177 | Lair:1   | Noticed Harold
 17185 | Lair:1   | Killed Harold
 17232 | Lair:1   | Found a transporter.
 17248 | Lair:1   | Noticed Erica
 17255 | Lair:1   | Killed Erica
 17536 | Lair:1   | Noticed Gastronok
 17545 | Lair:1   | Killed Gastronok
 17744 | Lair:1   | Found a transporter.
 18035 | Lair:2   | Received a gift from Trog
 18139 | Lair:2   | Identified the +8 rapier "Vygutek" {vorpal, Drain Str+3
                  | Stlth+}
 18419 | Lair:2   | Found a staircase to the Swamp.
 19211 | Lair:4   | Reached XP level 16. HP: 159/162 MP: 2/15
 19225 | Lair:4   | Identified the +8 hand axe of Experimentation {vorpal,
                  | Str+7}
 19347 | Lair:4   | Noticed Urug
 19355 | Lair:4   | Killed Urug
 19371 | Lair:4   | Found a hole to the Spider Nest.
 20097 | Lair:5   | Received a gift from Trog
 20853 | Lair:6   | Entered Level 6 of the Lair of Beasts
 20986 | Lair:6   | Found a staircase to the Slime Pits.
 21211 | Lair:6   | Received a gift from Trog
 21417 | Lair:6   | Reached skill level 10 in Dodging
 22046 | Spider:1 | Entered Level 1 of the Spider Nest
 22287 | Spider:1 | Received a gift from Trog
 22786 | Spider:1 | Reached XP level 17. HP: 170/170 MP: 7/16
 23988 | Spider:3 | HP: 2/170 [wolf spider (8)]
 24822 | Spider:4 | Entered Level 4 of the Spider Nest
 24882 | Spider:4 | Identified the +1 scale mail of Agnosticism {rPois rCorr
                  | Str+3 Dex-5}
 25017 | Spider:4 | Reached ****** piety under Trog
 25044 | Spider:4 | Received a gift from Trog
 25311 | Spider:4 | Reached skill level 10 in Throwing
 25980 | Spider:4 | Got a gossamer rune of Zot
 26170 | Spider:4 | Reached XP level 18. HP: 176/178 MP: 8/17
 26445 | Swamp:1  | Entered Level 1 of the Swamp
 26501 | Swamp:1  | Received a gift from Trog
 26914 | Swamp:1  | Found a runed translucent door.
 26914 | Swamp:1  | Found a shimmering altar of Xom.
 26914 | Swamp:1  | Noticed initializr's ghost (adept MiFi)
 26915 | Swamp:1  | Identified the +12 broad axe of Fimbulwinter {chaos, rCorr}
 26968 | Swamp:1  | Killed initializr's ghost
 27287 | Swamp:2  | Acquired the +12 war axe of Sulul {protect, Fragile rPois
                  | rN++ rCorr}
 28365 | Swamp:4  | Entered Level 4 of the Swamp
 28454 | Swamp:4  | Received a gift from Trog
 28719 | Swamp:4  | Identified the +3 demon trident of Crusades {flame, MP+9
                  | Str+5 Int+4}
 28909 | Swamp:4  | Reached skill level 5 in Evocations
 28999 | Swamp:4  | Got a decaying rune of Zot
 29383 | Vaults:1 | Entered Level 1 of the Vaults
 29545 | Vaults:1 | Found a huge runed gate.
 29545 | Vaults:1 | Found a huge runed gate.
 29545 | Vaults:1 | Found a huge runed gate.
 29545 | Vaults:1 | Found a huge runed gate.
 29546 | Vaults:1 | Found a huge runed gate.
 29546 | Vaults:1 | Found a huge runed gate.
 29546 | Vaults:1 | Found a huge runed gate.
 29546 | Vaults:1 | Found a huge runed gate.
 29547 | Vaults:1 | Found a huge runed gate.
 29547 | Vaults:1 | Found a huge runed gate.
 29547 | Vaults:1 | Found a huge runed gate.
 29547 | Vaults:1 | Found a huge runed gate.
 29547 | Vaults:1 | Found a huge runed gate.
 29548 | Vaults:1 | Found a huge runed gate.
 29549 | Vaults:1 | Found a huge runed gate.
 29550 | Vaults:1 | Found a huge runed gate.
 29551 | Vaults:1 | Found a huge runed gate.
 29559 | Vaults:1 | Found a huge runed gate.
 29559 | Vaults:1 | Found a huge runed gate.
 29559 | Vaults:1 | Found a huge runed gate.
 29559 | Vaults:1 | Found a huge runed gate.
 29559 | Vaults:1 | Found a huge runed gate.
 29559 | Vaults:1 | Found a huge runed gate.
 29559 | Vaults:1 | Found a huge runed gate.
 29568 | Vaults:1 | Reached XP level 19. HP: 177/185 MP: 9/18
 29572 | Vaults:1 | Received a gift from Trog
 29601 | Vaults:1 | Identified the +4 ring mail of the Equinox {Harm +Blink rF-
                  | Str-4}
 29632 | Vaults:1 | Found a huge runed gate.
 29633 | Vaults:1 | Found a huge runed gate.
 29642 | Vaults:1 | Found a huge runed gate.
 29642 | Vaults:1 | Found a huge runed gate.
 29642 | Vaults:1 | Found a huge runed gate.
 29642 | Vaults:1 | Found a huge runed gate.
 29642 | Vaults:1 | Found a huge runed gate.
 29642 | Vaults:1 | Found a huge runed gate.
 29643 | Vaults:1 | Found a huge runed gate.
 29644 | Vaults:1 | Found a huge runed gate.
 29645 | Vaults:1 | Found a huge runed gate.
 29659 | Vaults:1 | Noticed a hellephant
 29915 | Vaults:1 | Noticed Saint Roka
 29939 | Vaults:1 | Killed Saint Roka
 30377 | Vaults:1 | Received a gift from Trog
 30420 | Vaults:1 | Killed a hellephant
 30925 | Vaults:2 | Found a magical portal.
 30945 | WizLab   | Entered Borgnjor's Mausoleum
 31611 | WizLab   | Lost intelligence.
 31611 | WizLab   | Gained mutation: You are dopey. (Int -2) [mutagenic glow]
 31875 | WizLab   | Reached XP level 20. HP: 181/186 MP: 6/19
 32075 | Vaults:2 | Noticed Nikola
 32086 | Vaults:2 | Killed Nikola
 32110 | Vaults:2 | Noticed Boris
 32117 | Vaults:2 | Lost intelligence.
 32125 | Vaults:2 | Killed Boris
 32177 | Vaults:2 | Reached skill level 15 in Dodging
 32185 | Vaults:2 | Received a gift from Trog
 32261 | Vaults:2 | Noticed Mennas
 32273 | Vaults:2 | Killed Mennas
 32442 | Vaults:2 | Found the +0 mask of the Dragon {Will+ Slay+3 SInv}
 33072 | Vaults:2 | Acquired a manual of Fighting
 33488 | Vaults:3 | Received a gift from Trog
 33501 | Vaults:3 | Noticed Aizul
 33510 | Vaults:3 | Killed Aizul
 33820 | Vaults:3 | Noticed Bai Suzhen
 33851 | Vaults:3 | Killed Bai Suzhen
 33898 | Vaults:3 | Gained mutation: Your body sometimes deteriorates upon
                  | taking damage. [mutagenic glow]
 34078 | Vaults:3 | Found a staircase to the Crypt.
 34078 | Vaults:3 | Found a basalt altar of Yredelemnul.
 34079 | Vaults:3 | Found an ancient bone altar of Kikubaaqudgha.
 34189 | Vaults:3 | You fall into a shaft and drop 1 floor!
 34560 | Vaults:4 | Reached XP level 21. HP: 186/203 MP: 20/20
 34585 | Vaults:4 | Noticed Xtahua
 34601 | Vaults:4 | Killed Xtahua
 34614 | Vaults:4 | Received a gift from Trog
 34718 | Vaults:4 | Reached skill level 27 in Shields
 34965 | Vaults:4 | Found Wuym's Book Shop.
 36068 | Vaults:3 | Identified the +1 leather armour of the Trilobite {Rampage
                  | rPois Int+3 Dex-4}
 36102 | Vaults:3 | Found a runed translucent gate.
 36103 | Vaults:3 | Found a runed translucent gate.
 36103 | Vaults:3 | Found a runed translucent gate.
 36103 | Vaults:3 | Noticed Putsipo's ghost (veteran GrGl)
 36110 | Vaults:3 | Found an iron altar of Okawaru.
 36144 | Vaults:3 | Killed Putsipo's ghost
 36163 | Vaults:3 | Reached skill level 15 in Armour
 36320 | Vaults:5 | Entered Level 5 of the Vaults
 36401 | Vaults:5 | Received a gift from Trog
 36401 | Vaults:5 | Identified the +0 buckler "Ritaf" {Harm +Blink}
 36443 | Vaults:5 | Noticed an ancient lich
 36472 | Vaults:5 | Killed an ancient lich
 36806 | Vaults:5 | Identified the +3 morningstar "Wazxun" {vorpal, Drain rF+
                  | Str+3 Dex+3}
 37011 | Vaults:5 | Paralysed by a hornet for 1 turns
 37032 | Vaults:5 | Noticed a golden dragon
 37035 | Vaults:5 | Noticed an ancient lich
 37045 | Vaults:5 | Killed an ancient lich
 37046 | Vaults:5 | Killed a golden dragon
 37065 | Vaults:5 | Reached XP level 22. HP: 212/226 MP: 10/21
 37084 | Vaults:5 | Identified the +2 robe of Viny Freedom {rPois rF+ rCorr}
 37087 | Vaults:5 | Identified the +10 dagger "Besutos" {pain, rN++ Dex-2 SInv}
 37244 | Vaults:5 | Paralysed by a floating eye for 3 turns
 37713 | Vaults:5 | Received a gift from Trog
 37856 | Vaults:5 | Got a silver rune of Zot
 38391 | Vaults:5 | Identified the +2 cloak of Enaaluz {+Inv rF+ rC+}
 38801 | Depths:1 | Entered Level 1 of the Depths
 39000 | Depths:1 | Identified the ring "Wipsuneg" {Contam rC++ rN++ Dex+6}
 39053 | Depths:1 | Found a shimmering altar of Xom.
 39358 | Depths:1 | Found a gateway to Hell.
 39432 | Depths:1 | Noticed Sojobo
 39451 | Depths:1 | Killed Sojobo
 40216 | Depths:2 | Paralysed by a floating eye for 3 turns
 40234 | Depths:2 | Reached skill level 27 in Fighting
 40276 | Depths:2 | Found a one-way gate leading to the halls of Pandemonium.
 40278 | Depths:2 | Found a one-way gateway to a ziggurat.
 40345 | Depths:2 | Identified the +9 war axe of Agrecs {vorpal, rF++} (Trog
                  | gifted it to you on level 2 of the Depths)
 40345 | Depths:2 | Received a gift from Trog
 40529 | Depths:2 | Found a glowing silver altar of Zin.
 40530 | Depths:2 | Found an ornate altar of the Wu Jian Council.
 40530 | Depths:2 | Found an opulent altar of Gozag.
 40580 | Depths:2 | Noticed a juggernaut
 40588 | Depths:2 | Killed a juggernaut
 40589 | Depths:2 | Reached XP level 23. HP: 240/240 MP: 7/22
 40806 | Depths:2 | Acquired 420 gold pieces
 41186 | Depths:2 | Noticed a juggernaut
 41197 | Depths:2 | Killed a juggernaut
 41224 | Depths:2 | Received a gift from Trog
 41353 | Depths:2 | Noticed a caustic shrike
 41368 | Depths:2 | Killed a caustic shrike
 41458 | Depths:2 | Noticed Asterion
 41468 | Depths:2 | Killed Asterion
 41593 | Depths:2 | Identified the +1 robe of Existentialism {rF+}
 41602 | Depths:2 | Identified the +3 dire flail of the Healing Seeker {vorpal,
                  | rPois Int+5 Stlth-}
 41609 | Depths:2 | Identified the amulet of Xom's Wantonness {RegenMP rN+
                  | Dex+4 Stlth-}
 41942 | Depths:3 | Found Koabluenk's Book Boutique.
 42476 | Depths:4 | Entered Level 4 of the Depths
 42561 | Depths:4 | Received a gift from Trog
 42864 | Depths:4 | Found a gate to the Realm of Zot.
 43679 | Elf:1    | Entered Level 1 of the Elven Halls
 43741 | Elf:1    | Found Lovuag's General Store.
 43778 | Elf:1    | Received a gift from Trog
 44010 | Elf:1    | Reached XP level 24. HP: 237/237 MP: 7/22
 44650 | Elf:2    | Found a runed translucent gate.
 44650 | Elf:2    | Found a runed translucent gate.
 44650 | Elf:2    | Found a runed translucent gate.
 44779 | Elf:2    | Paralysed by an air elemental for 1 turns
 44857 | Elf:2    | Found Ixeyhoxu's Assorted Antiques.
 44892 | Elf:2    | Found a radiant altar of Vehumet.
 45108 | Elf:2    | Noticed Agnes
 45118 | Elf:2    | Killed Agnes
 45683 | Elf:1    | Bought a potion of curing for 45 gold pieces
 45732 | Elf:3    | Entered Level 3 of the Elven Halls
 45828 | Elf:3    | Cast into level 3 of the Abyss (a deep elf sorcerer)
 45833 | Abyss:3  | Found a corrupted altar of Lugonu.
 45989 | Elf:3    | Escaped the Abyss
 46190 | Elf:3    | Paralysed by an air elemental for 1 turns
 46339 | Elf:3    | Identified the +13 broad axe "Goblinslayer" {flame, rC+
                  | rN+} (Trog gifted it to you on level 3 of the Elven Halls)
 46339 | Elf:3    | Received a gift from Trog
 46505 | Elf:3    | Identified the ring of Gejiv {+Blink rF++ Str+6 Dex+3}
 46519 | Elf:3    | Identified the +1 leather armour of the Archfiend {rF+
                  | Stlth+}
 47146 | Crypt:1  | Entered Level 1 of the Crypt
 47161 | Crypt:1  | Received a gift from Trog
 47172 | Crypt:1  | Noticed Boris
 47191 | Crypt:1  | Killed Boris
 47575 | Crypt:1  | Acquired the +4 pair of boots "Umeup" {rElec}
 47713 | Crypt:1  | Found the +6 Majin-Bo {vamp, MP+6 Int+6}
 47936 | Crypt:2  | Received a gift from Trog
 48832 | Crypt:3  | Entered Level 3 of the Crypt
 48954 | Crypt:3  | Identified the ring of Omop {Drain rN+ rCorr Int+2}
 48963 | Crypt:3  | Identified the ring of Xideuria {Fly rC++ rN+ Will- SInv}
 48971 | Crypt:3  | Received a gift from Trog
 49035 | Crypt:3  | Reached XP level 25. HP: 249/257 MP: 22/22
 49131 | Crypt:3  | Reached skill level 10 in Evocations
 49203 | Crypt:3  | Noticed Jory
 49217 | Crypt:3  | Killed Jory
 49356 | Crypt:3  | Received a gift from Trog
 49475 | Crypt:3  | Paralysed by a vampire knight for 4 turns
 49739 | Crypt:3  | Found a staircase to the Tomb.
 50016 | Crypt:3  | Found the +8 Vampire's Tooth {vamp}
 50559 | Slime:1  | Entered Level 1 of the Pits of Slime
 50738 | Slime:1  | Received a gift from Trog
 50816 | Slime:1  | Gained mutation: Your magical capacity is low. (-10% MP) [a
                  | shining eye]
 52048 | Slime:3  | Reached skill level 27 in Armour
 52710 | Slime:4  | Received a gift from Trog
 52945 | Slime:4  | Gained mutation: You have hidden genetic defects. [a
                  | shining eye]
 53276 | Slime:5  | Entered Level 5 of the Pits of Slime
 53405 | Slime:5  | Gained mutation: Armour fits poorly on your strangely
                  | shaped body. [a shining eye]
 53410 | Slime:5  | Gained mutation: Your spells are a little easier to cast,
                  | but a little less powerful. [a shining eye]
 53419 | Slime:5  | Noticed the Royal Jelly
 53457 | Slime:5  | Gained mutation: You are clumsy. (Dex -2) [a shining eye]
 53502 | Slime:5  | Found a viscous altar of Jiyva.
 53562 | Slime:5  | Lost intelligence.
 53562 | Slime:5  | Gained mutation: You are very dopey. (Int -4) [a shining
                  | eye]
 54567 | Hell     | Entered the Vestibule of Hell
 54567 | Hell     | Noticed Geryon
 54745 | Depths:1 | Received a gift from Trog
 54954 | Depths:1 | Gained mutation: You tend to lose your temper in combat.
                  | [hidden defects]
 54966 | Hell     | Gained mutation: You have terrible hidden genetic defects.
                  | [a cacodemon]
 55013 | Hell     | Lost mutation: Your body sometimes deteriorates upon taking
                  | damage. [a cacodemon]
 55014 | Hell     | Reached skill level 15 in Throwing
 55017 | Hell     | HP: 5/379 [reaper/+4 scythe of pain (19)]
 55017 | Hell     | Slain by a balrug

Illustrated notes

Levels and vault maps discovered:
D:1:      dpeg_arrival_subterranean_lakeside_camping, layout_basic
D:2:      layout_loops_ring, serial_shops, shop, guppyfry_early_lair_pool,
          uniq_terence, uniq_natasha
D:3:      due_chaos_kobolds, layout_basic, ebering_ecumenical_altar_sacrificial,
          kennysheep_cluttered_room, due_unseen_surprise
D:4:      layout_loops_ring, minmay_misc_feat_chi, uniq_robin
D:5:      layout_loops_ring, fedhas_altar_fruit_tree,
          nicolae_tso_carved_into_rock
D:6:      layout_loops_ring, mainiacjoe_overflow_surrounded_room,
          nemelex_dance_club_becter
D:7:      cheibrodos_fzero, layout_cave_pools, old_standard_altar,
          minmay_temple_entry_glass, enter_bailey_5, serial_park_tiny_2,
          dk_vineyard_1, uniq_joseph
D:8:      minmay_the_grid_octo_tiled_squarecenter [minmay_the_grid_octo_empty,
          minmay_the_grid_octo_shrine, minmay_the_grid_octo_tetromino_candy,
          minmay_the_grid_octo_pinwheel,
          minmay_the_grid_square_5x5_megaprize_open,
          minmay_the_grid_square_5x5_spiral, minmay_the_grid_square_5x5_percent,
          minmay_the_grid_square_5x5_bite,
          minmay_the_grid_square_5x5_spiral_small], layout_loops_cross,
          mainiacjoe_overflow_small_starburst, serial_shops,
          kennysheep_mini_moat
D:9:      layout_basic, serial_shops, shop
D:10:     layout_roguey, uniq_amaemon
D:11:     layout_gridville, erik_orc_4, enter_trove_1, serial_bayou_pond_d,
          uniq_josephine
D:12:     layout_roguey
D:13:     dreamdust_dug_too_deep, layout_long_grid, uniq_nessos, uniq_frances
D:14:     layout_cave_pods, skrybe_vaults_entry_preservation,
          portal_ice_cave_entry_frozen_things
D:15:     hangedman_depths_entry_civil_slaughter, layout_rooms,
          hangedman_glass_teeth, hangedman_cracks_in_the_wall
Lair:1:   gammafunk_worm_tunnel, layout_regular_city, gammafunk_lair_bear_cave,
          grunt_megastairs_5, infiniplex_staircase_pool, uniq_erica,
          uniq_harold, uniq_gastronok
Lair:2:   layout_layer_cave, nicolae_swamp_entry_splash_gauntlet,
          chequers_serial_rivers_marsh
Lair:3:   layout_misc_corridors
Lair:4:   layout_gridlike, spider_nest_entry_webs, uniq_urug
Lair:5:   layout_loops_ring, chequers_serial_rivers_room_b
Lair:6:   grunt_lair_end_beastmaster, layout_concentric_octagons,
          nicolae_slime_entry_slimehenge
Swamp:1:  layout_basic_swamp, ebering_ghost_xom, evilmike_swamp_ruin_wall,
          swamp_pool4, nicolae_swamp_orc_logging_accident
Swamp:2:  layout_falls_marsh, nicolae_swamp_treefoil
Swamp:3:  layout_basic_swamp, hangedman_swamp_pad, swamp_pool1,
          statue_in_the_mist_lemuel, nicolae_swamp_soggy_hallways
Swamp:4:  swamp_alternative, layout_basic_swamp
Spider:1: layout_spider_delve
Spider:2: layout_spider_delve
Spider:3: layout_spider_delve, nicolae_spider_moth_buddies
Spider:4: spider_rune_water
Slime:1:  layout_caves, cheibrodos_slime_lost_civilization_7
Slime:2:  layout_caves
Slime:3:  layout_caves
Slime:4:  layout_caves
Slime:5
Orc:1:    layout_caves, enter_volcano_3
Orc:2:    st_orc_congregation, layout_caves, minmay_orc_treasury
Elf:1:    nicolae_elf_arrival_no_cutting_in_line, layout_rooms, serial_shops,
          nicolae_take_the_stairs, minmay_elf_demonology
Elf:2:    elven_hall_of_blades_hangedman_original
          [nicolae_blade_entry_hurt_lockers], layout_loops_corners,
          serial_shops, shop, basic_altar, uniq_agnes
Elf:3:    minmay_elf_hall_not_hex, layout_rooms
Vaults:1: v_rooms_5, v_alt_pattern_2, v_misc_2, not_door_vault_due,
          hangedman_vaults_cutoff, nicolae_vaults_circle_grid_a, v_pattern_4,
          hangedman_vaults_snaps, vaults_dpeg_cross, layout_vaults_maze_bifur,
          uniq_saint_roka
Vaults:2: lightli_enter_wizlab_magi_temple, hangedman_vaults_restitches,
          vaults_room_grunt_arrival_checkpoint, v_misc_17,
          nicolae_vaults_c_with_doors, v_rooms_1,
          nicolae_vaults_little_squares_4, v_misc_30, nicolae_vaults_big_ls,
          nicolae_vaults_sealed_display, nicolae_vaults_little_ls,
          v_alt_pattern_1, layout_vaults_ring, uniq_mennas, uniq_boris,
          uniq_nikola
Vaults:3: gammafunk_ghost_fury_of_okawaru, hangedman_vaults_impose,
          minmay_crypt_entry_necro_gods, nicolae_vaults_display_case,
          ontoclasm_vaults_gateway, layout_vaults_quadrants, uniq_aizul,
          uniq_bai_suzhen
Vaults:4: v_misc_28, grunt_vaults_trifunnel, vaults_room_pools,
          hangedman_vaults_capsules, vaults_room_corners, v_misc_13,
          nicolae_vaults_arrows, nicolae_vaults_mini_display_case,
          vaults_dpeg_doors, vaults_dpeg_diagonal, layout_vaults_omnicross,
          serial_shops, shop, uniq_xtahua
Vaults:5
Crypt:1:  layout_basic
Crypt:2:  layout_gridlike, grunt_megastairs_2
Crypt:3:  due_elkab, layout_chaotic_city, tomb_entry_forgotten_bobbens
Depths:1: layout_cave_shapes, glass_columns_b, grunt_metal_band,
          xom_confusion_cloud, serial_bayou_shore_a, uniq_sojobo
Depths:2: hangedman_slaughterboxes, hell_entry, pan_entry, uniq_asterion
Depths:3: kennysheep_cluttered_fort, layout_gridville, nicolae_wwwww,
          serial_shops, nicolae_lakefront_shop, hell_entry, abyss_entry
Depths:4: grunt_zot_entry_pinwheel, layout_basic, pf_vacation_house_of_asmodeus,
          chequers_serial_rivers_room_a
Hell

Skill      XL: |  1  2  3  4  5  6  7  8  9 10 11 12 13 14 15 16 17 18 19 20 21 22 23 24 25 |
---------------+----------------------------------------------------------------------------+-----
Fighting       | 4 5 6 8 9 11 12 14 16 19 20 25 27 | 27.0
Axes           | 4 5 6 7 9 11 12 13 14 16 18 | 18.0
Armour         | 3 4 5 6 7 9 10 11 12 13 14 15 17 21 25 27 | 27.0
Throwing       | 2 3 5 6 7 11 13 14 15 | 15.0
Shields        | 3 6 9 10 12 13 16 18 21 22 24 26 27 | 27.0
Dodging        | 3 5 6 7 9 10 11 13 14 16 17 19 20 | 20.9
Evocations     | 1 3 5 6 7 8 9 13 | 13.4

Action                   |  1- 3 |  4- 6 |  7- 9 | 10-12 | 13-15 | 16-18 | 19-21 | 22-24 | 25-27 || total
-------------------------+-------+-------+-------+-------+-------+-------+-------+-------+-------++-------
Melee: Hand axe          |    78 |   109 |   155 |   301 |       |       |    14 |       |       ||   657
       Headbutt          |    11 |    14 |    27 |    99 |   147 |   255 |   372 |   437 |   146 ||  1508
       Punch             |     1 |     1 |     1 |       |       |       |       |       |       ||     3
       War axe           |       |       |       |    42 |       |   219 |    11 |       |       ||   272
       Broad axe         |       |       |       |    39 |   636 |   723 |  1112 |  1324 |   414 ||  4248
Throw: Boomerang         |       |    16 |    26 |    12 |    19 |   153 |    86 |    95 |   112 ||   519
Invok: Berserk           |     1 |       |     2 |    16 |     8 |    12 |    18 |     8 |     6 ||    71
       Trog's Hand       |       |     1 |     4 |    14 |    15 |    14 |    28 |    19 |    14 ||   109
       Brothers in Arms  |       |       |     1 |     1 |     2 |     2 |     6 |     2 |       ||    14
 Abil: Evoke Invisibilit |       |       |       |       |       |       |       |     1 |       ||     1
Evoke: Lightning rod     |       |       |       |       |     7 |     6 |     2 |     1 |       ||    16
       Wand              |       |       |       |       |     9 |    21 |    15 |       |       ||    45
       Phantom mirror    |       |       |       |       |     1 |     3 |     2 |     1 |       ||     7
       Condenser vane    |       |       |       |       |       |     3 |     2 |     4 |     1 ||    10
       Box of beasts     |       |       |       |       |       |       |       |     3 |     1 ||     4
  Use: Scroll            |       |       |     8 |    13 |    19 |    13 |     9 |    11 |     2 ||    75
       Potion            |       |       |       |       |       |     3 |       |     1 |       ||     4
 Stab: Distracted        |       |       |       |       |     1 |       |     1 |       |       ||     2
       Petrifying        |       |       |       |       |       |     1 |       |       |       ||     1
       Confused          |       |       |       |       |       |     3 |     2 |     1 |       ||     6
       Paralysed         |       |       |       |       |       |       |     2 |       |       ||     2
       Invisible         |       |       |       |       |       |       |       |     3 |       ||     3
Armor: Animal skin       |     7 |       |       |       |       |       |       |       |       ||     7
       Chain mail        |    27 |       |       |    53 |       |       |       |       |       ||    80
       Plate armour      |    16 |    49 |    85 |     2 |       |       |       |       |       ||   152
       Ring mail         |       |       |       |    53 |   174 |   213 |    86 |       |       ||   526
       Scale mail        |       |       |       |       |       |       |     2 |       |       ||     2
       Storm dragon scal |       |       |       |       |       |       |   117 |   146 |       ||   263
       Crystal plate arm |       |       |       |       |       |       |       |   159 |   190 ||   349
Dodge: Dodged            |    40 |    49 |    81 |   192 |   338 |   562 |   334 |   503 |   195 ||  2294
Block: Tower shield      |       |       |    49 |   263 |   612 |   862 |   963 |  1205 |   402 ||  4356

Table legend: (Time is in decaauts)
 A = Elapsed time spent in this place.
 B = Non-inter-level travel time spent in this place.
 C = Inter-level travel time spent in this place.
 D = Time resting spent in this place.
 E = Time spent auto-exploring this place.
 F = Levels seen in this place.
 G = Mean time per level.
                   A        B        C        D        E       F      G
               +--------+--------+--------+--------+--------+-----+--------+
         Total |  55679 |  50927 |   4752 |   9293 |  27573 |  56 |  994.3 |
       Dungeon |  14857 |  13171 |   1686 |   1418 |   8443 |  15 |  990.5 |
          Lair |   5422 |   4813 |    609 |    631 |   2988 |   6 |  903.7 |
         Swamp |   2906 |   2783 |    123 |    258 |   1779 |   4 |  726.5 |
   Spider Nest |   4300 |   4111 |    189 |   1117 |   1956 |   4 | 1075.0 |
    Slime Pits |   4028 |   3725 |    303 |   1429 |   1485 |   5 |  805.6 |
  Orcish Mines |   2203 |   1988 |    215 |    394 |    897 |   2 | 1101.5 |
   Elven Halls |   3056 |   2626 |    430 |     93 |   1871 |   3 | 1018.7 |
        Vaults |   8284 |   7798 |    486 |   1641 |   3689 |   5 | 1656.8 |
         Crypt |   2976 |   2754 |    222 |    552 |   1373 |   3 |  992.0 |
        Depths |   5252 |   4767 |    485 |    930 |   2561 |   4 | 1313.0 |
          Hell |     44 |     43 |      1 |      0 |      0 |   1 |   44.0 |
         Abyss |    158 |    158 |      0 |      0 |    109 |   1 |  158.0 |
        Bailey |    577 |    577 |      0 |    212 |    205 |   1 |  577.0 |
      Ice Cave |    627 |    627 |      0 |    118 |     71 |   1 |  627.0 |
        Wizlab |    983 |    983 |      0 |    496 |    144 |   1 |  983.0 |
               +--------+--------+--------+--------+--------+-----+--------+

Top non-repeatable levels by time:
Vaults:5: 2185 daAuts
Depths:1: 2058 daAuts
Vaults:3: 1609 daAuts
Depths:2: 1570 daAuts
Vaults:2: 1563 daAuts
   Orc:2: 1550 daAuts
Vaults:4: 1498 daAuts
Spider:4: 1498 daAuts
     D:8: 1433 daAuts
Vaults:1: 1427 daAuts
   Elf:2: 1324 daAuts
 Crypt:3: 1314 daAuts
    D:14: 1269 daAuts
  Lair:6: 1230 daAuts
     D:1: 1230 daAuts
